3159 views
Uploaded 2019-12-01 20:40:22
Game version 1.32.0.2 / 1.32.0.2.1
60:50 long 3on3 ladder game on (6)Monsoon_LV
Saved by BEARAND
3159 views
Uploaded 2019-12-01 20:40:22
Game version 1.32.0.2 / 1.32.0.2.1
60:50 long 3on3 ladder game on (6)Monsoon_LV


198 units @ 35.1k
/ 6.8k
149 buildings @ 15.4k
/ 7.2k

| Scroll of Healing | 1 | 250 |
| Boots of Speed | 1 | 250 |
| total: | 2 | 500g |
| Peasant | 16 | 1200 | / | 0 |
| Rifleman | 6 | 1230 | / | 180 |
| Gryphon Rider | 22 | 6160 | / | 1540 |
| Priest | 12 | 1620 | / | 120 |
| Sorceress | 6 | 930 | / | 120 |
| total: | 62 | 11140g | / | 1960w |
| Altar of Kings | 1 | 180 | / | 50 |
| Farm | 19 | 1520 | / | 380 |
| Barracks | 1 | 160 | / | 60 |
| Blacksmith | 1 | 140 | / | 60 |
| Lumber Mill | 1 | 120 | / | 0 |
| Town Hall | 1 | 385 | / | 205 |
| Gryphon Aviary | 3 | 420 | / | 450 |
| Arcane Sanctum | 2 | 300 | / | 280 |
| Keep | 1 | 320 | / | 210 |
| Castle | 1 | 360 | / | 210 |
| total: | 29 | 3225g | / | 1485w |
| 0:05 | Peasant |
| 0:13 | Altar of Kings |
| 0:19 | Peasant |
| 0:29 | Peasant |
| 0:35 | Peasant |
| 0:41 | Farm |
| 0:48 | Barracks |
| 1:06 | Blacksmith |
| 1:11 | Peasant |
| 1:19 | Peasant |
| 1:34 | Peasant |
| 1:53 | Farm |
| 1:55 | Farm |
| 1:56 | Farm |
| 2:10 | Peasant |
| 2:24 | Thunder Clap |
| 2:33 | Farm |
| 2:38 | Iron Forged Swords |
| 3:03 | Lumber Mill |
| 3:19 | Keep |
| 3:22 | Rifleman |
| 3:27 | Studded Leather Armor |
| 3:55 | Rifleman |
| 4:22 | Rifleman |
| 4:37 | Rifleman |
| 4:40 | Black Gunpowder |
| 5:22 | Storm Bolt |
| 5:34 | Rifleman |
| 5:40 | Castle |
| 5:45 | Refined Gunpowder |
| 5:47 | Improved Lumber Harvesting |
| 6:40 | Rifleman |
| 6:43 | Long Rifles |
| 6:53 | Reinforced Leather Armor |
| 7:35 | Scroll of Healing |
| 7:38 | Boots of Speed |
| 8:59 | Peasant |
| 8:59 | Peasant |
| 8:59 | Peasant |
| 9:02 | Advanced Lumber Harvesting |
| 9:05 | Imbued Gunpowder |
| 9:11 | Gryphon Aviary |
| 9:12 | Gryphon Aviary |
| 9:18 | Gryphon Aviary |
| 9:42 | Farm |
| 9:43 | Farm |
| 9:44 | Farm |
| 9:45 | Farm |
| 10:45 | Storm Hammers |
| 11:51 | Gryphon Rider |
| 11:52 | Gryphon Rider |
| 12:57 | Gryphon Rider |
| 13:05 | Gryphon Rider |
| 13:33 | Dragonhide Armor |
| 14:05 | Thunder Clap |
| 14:39 | Town Hall |
| 16:00 | Farm |
| 16:00 | Farm |
| 16:01 | Farm |
| 16:02 | Farm |
| 17:25 | Peasant |
| 17:25 | Peasant |
| 17:32 | Peasant |
| 17:32 | Peasant |
| 17:32 | Peasant |
| 18:08 | Gryphon Rider |
| 18:08 | Gryphon Rider |
| 18:17 | Farm |
| 18:18 | Farm |
| 20:48 | Gryphon Rider |
| 20:49 | Gryphon Rider |
| 20:49 | Gryphon Rider |
| 20:49 | Gryphon Rider |
| 20:56 | Farm |
| 20:56 | Farm |
| 20:57 | Farm |
| 20:57 | Farm |
| 23:45 | Gryphon Rider |
| 23:45 | Gryphon Rider |
| 23:45 | Gryphon Rider |
| 23:45 | Gryphon Rider |
| 24:24 | Arcane Sanctum |
| 24:25 | Arcane Sanctum |
| 25:54 | Gryphon Rider |
| 25:54 | Gryphon Rider |
| 27:06 | Priest Adept Training |
| 27:09 | Priest |
| 27:09 | Priest |
| 27:09 | Priest |
| 27:09 | Priest |
| 28:11 | Priest Master Training |
| 28:13 | Priest |
| 28:14 | Priest |
| 28:15 | Priest |
| 29:17 | Gryphon Rider |
| 29:17 | Gryphon Rider |
| 29:52 | Sorceress Adept Training |
| 29:54 | Sorceress |
| 29:55 | Sorceress |
| 29:56 | Sorceress |
| 31:32 | Sorceress Master Training |
| 31:38 | Sorceress |
| 31:41 | Sorceress |
| 32:09 | Sorceress |
| 33:58 | Storm Bolt |
| 35:35 | Gryphon Rider |
| 35:35 | Gryphon Rider |
| 36:03 | Priest |
| 36:05 | Priest |
| 37:06 | Gryphon Rider |
| 38:09 | Priest |
| 38:10 | Priest |
| 38:48 | Gryphon Rider |
| 40:03 | Priest |
| Right click | 745 |
| Select | 352 |
| Select group | 97 |
| Build/train/purchase | 96 |
| Assign group | 23 |
| Use ability | 14 |
| Remove unit | 4 |

| Peasant | 31 | 2325 | / | 0 |
| Footman | 7 | 945 | / | 0 |
| Rifleman | 5 | 1025 | / | 150 |
| Gryphon Rider | 11 | 3080 | / | 770 |
| Knight | 4 | 980 | / | 240 |
| Mortar Team | 3 | 540 | / | 210 |
| Siege Engine | 14 | 2730 | / | 840 |
| total: | 75 | 11625g | / | 2210w |
| Scout Tower | 55 | 1650 | / | 1100 |
| Guard Tower | 24 | 1680 | / | 1200 |
| Arcane Tower | 2 | 140 | / | 100 |
| Farm | 17 | 1360 | / | 340 |
| Barracks | 2 | 320 | / | 120 |
| Altar of Kings | 1 | 180 | / | 50 |
| Lumber Mill | 1 | 120 | / | 0 |
| Blacksmith | 1 | 140 | / | 60 |
| Town Hall | 7 | 2695 | / | 1435 |
| Gryphon Aviary | 2 | 280 | / | 300 |
| Workshop | 1 | 140 | / | 140 |
| Keep | 1 | 320 | / | 210 |
| Castle | 1 | 360 | / | 210 |
| total: | 87 | 6885g | / | 3545w |
| 0:03 | Peasant |
| 0:04 | Peasant |
| 0:10 | Peasant |
| 0:20 | Farm |
| 0:26 | Barracks |
| 0:29 | Peasant |
| 0:44 | Altar of Kings |
| 0:47 | Peasant |
| 1:16 | Farm |
| 1:20 | Peasant |
| 1:34 | Footman |
| 1:48 | Lumber Mill |
| 2:01 | Footman |
| 2:02 | Footman |
| 2:11 | Barracks |
| 2:26 | Farm |
| 2:52 | Blacksmith |
| 2:57 | Footman |
| 3:03 | Storm Bolt |
| 3:16 | Footman |
| 3:22 | Farm |
| 3:33 | Footman |
| 3:35 | Footman |
| 4:31 | Thunder Clap |
| 4:37 | Keep |
| 4:41 | Rifleman |
| 4:43 | Rifleman |
| 5:02 | Scout Tower |
| 5:04 | Black Gunpowder |
| 5:19 | Farm |
| 5:46 | Storm Bolt |
| 5:54 | Farm |
| 6:06 | Rifleman |
| 6:07 | Rifleman |
| 6:27 | Guard Tower |
| 6:29 | Farm |
| 7:04 | Town Hall |
| 7:41 | Rifleman |
| 7:45 | Peasant |
| 7:45 | Peasant |
| 8:11 | Farm |
| 8:13 | Improved Lumber Harvesting |
| 8:14 | Peasant |
| 8:14 | Peasant |
| 8:52 | Farm |
| 8:54 | Farm |
| 8:59 | Scout Tower |
| 9:51 | Gryphon Aviary |
| 10:03 | Guard Tower |
| 10:08 | Scout Tower |
| 10:11 | Peasant |
| 10:12 | Peasant |
| 10:37 | Peasant |
| 10:37 | Peasant |
| 10:38 | Peasant |
| 10:51 | Guard Tower |
| 10:54 | Scout Tower |
| 11:59 | Thunder Clap |
| 12:56 | Castle |
| 13:00 | Refined Gunpowder |
| 13:00 | Studded Leather Armor |
| 13:17 | Guard Tower |
| 13:20 | Scout Tower |
| 13:46 | Guard Tower |
| 13:56 | Long Rifles |
| 13:59 | Iron Forged Swords |
| 13:59 | Iron Plating |
| 14:54 | Gryphon Aviary |
| 14:58 | Peasant |
| 14:58 | Peasant |
| 14:59 | Peasant |
| 15:01 | Peasant |
| 15:34 | Gryphon Rider |
| 15:35 | Gryphon Rider |
| 15:36 | Gryphon Rider |
| 15:36 | Gryphon Rider |
| 15:43 | Farm |
| 15:51 | Scout Tower |
| 15:57 | Advanced Lumber Harvesting |
| 16:14 | Knight |
| 16:14 | Knight |
| 16:15 | Knight |
| 16:15 | Knight |
| 16:20 | Farm |
| 16:27 | Scout Tower |
| 16:28 | Guard Tower |
| 16:50 | Gryphon Rider |
| 16:53 | Gryphon Rider |
| 16:53 | Gryphon Rider |
| 17:31 | Farm |
| 17:35 | Scout Tower |
| 17:36 | Guard Tower |
| 17:42 | Town Hall |
| 18:03 | Guard Tower |
| 18:08 | Farm |
| 18:50 | Farm |
| 19:27 | Storm Hammers |
| 19:40 | Workshop |
| 20:03 | Peasant |
| 20:03 | Peasant |
| 20:04 | Peasant |
| 20:05 | Peasant |
| 20:24 | Scout Tower |
| 20:41 | Scout Tower |
| 21:31 | Guard Tower |
| 21:33 | Scout Tower |
| 21:35 | Scout Tower |
| 22:13 | Scout Tower |
| 22:15 | Scout Tower |
| 22:32 | Mortar Team |
| 22:32 | Mortar Team |
| 22:34 | Mortar Team |
| 22:40 | Guard Tower |
| 22:44 | Scout Tower |
| 22:45 | Scout Tower |
| 22:48 | Scout Tower |
| 22:54 | Steel Forged Swords |
| 23:14 | Improved Masonry |
| 23:18 | Farm |
| 23:33 | Guard Tower |
| 25:56 | Gryphon Rider |
| 26:41 | Guard Tower |
| 26:46 | Animal War Training |
| 26:48 | Siege Engine |
| 26:48 | Siege Engine |
| 26:49 | Siege Engine |
| 26:52 | Scout Tower |
| 26:55 | Gryphon Rider |
| 27:31 | Guard Tower |
| 28:06 | Fragmentation Shards |
| 28:07 | Flare |
| 29:53 | Gryphon Rider |
| 29:53 | Gryphon Rider |
| 31:09 | Imbued Gunpowder |
| 31:10 | Reinforced Leather Armor |
| 31:19 | Scout Tower |
| 31:23 | Scout Tower |
| 31:47 | Guard Tower |
| 31:50 | Scout Tower |
| 31:53 | Sundering Blades |
| 31:55 | Defend |
| 32:00 | Advanced Masonry |
| 32:03 | Mithril Forged Swords |
| 32:03 | Steel Plating |
| 32:36 | Guard Tower |
| 32:39 | Scout Tower |
| 32:41 | Scout Tower |
| 33:00 | Storm Bolt |
| 33:03 | Barrage |
| 34:20 | Siege Engine |
| 34:21 | Siege Engine |
| 34:21 | Siege Engine |
| 34:21 | Siege Engine |
| 34:21 | Siege Engine |
| 34:22 | Siege Engine |
| 34:23 | Siege Engine |
| 34:26 | Dragonhide Armor |
| 36:15 | Imbued Masonry |
| 36:35 | Scout Tower |
| 38:15 | Guard Tower |
| 38:18 | Scout Tower |
| 38:20 | Scout Tower |
| 38:31 | Guard Tower |
| 38:35 | Scout Tower |
| 38:38 | Scout Tower |
| 39:07 | Scout Tower |
| 39:13 | Arcane Tower |
| 39:17 | Scout Tower |
| 40:02 | Guard Tower |
| 40:12 | Siege Engine |
| 40:36 | Siege Engine |
| 40:37 | Siege Engine |
| 40:57 | Guard Tower |
| 41:09 | Guard Tower |
| 41:29 | Mithril Plating |
| 42:06 | Siege Engine |
| 44:53 | Scout Tower |
| 47:04 | Scout Tower |
| 47:07 | Scout Tower |
| 47:37 | Scout Tower |
| 47:40 | Scout Tower |
| 47:44 | Town Hall |
| 47:46 | Scout Tower |
| 47:48 | Scout Tower |
| 47:51 | Scout Tower |
| 47:53 | Scout Tower |
| 47:56 | Scout Tower |
| 48:00 | Scout Tower |
| 48:03 | Scout Tower |
| 48:05 | Scout Tower |
| 48:27 | Scout Tower |
| 48:31 | Scout Tower |
| 48:34 | Guard Tower |
| 48:37 | Scout Tower |
| 48:40 | Scout Tower |
| 48:42 | Scout Tower |
| 48:49 | Scout Tower |
| 49:05 | Guard Tower |
| 49:08 | Scout Tower |
| 49:10 | Scout Tower |
| 49:17 | Guard Tower |
| 49:18 | Scout Tower |
| 49:38 | Scout Tower |
| 49:51 | Scout Tower |
| 49:53 | Scout Tower |
| 50:07 | Peasant |
| 50:07 | Peasant |
| 50:18 | Guard Tower |
| 50:49 | Peasant |
| 50:49 | Peasant |
| 50:49 | Peasant |
| 51:19 | Peasant |
| 51:19 | Peasant |
| 51:55 | Peasant |
| 52:01 | Arcane Tower |
| 52:37 | Town Hall |
| 52:45 | Town Hall |
| 55:32 | Farm |
| 56:30 | Town Hall |
| 57:48 | Town Hall |
| Right click | 1949 |
| Select | 725 |
| Chat | 209 |
| Build/train/purchase | 156 |
| Select group | 37 |
| Use ability | 22 |
| Minimap ping | 20 |
| Misc. action | 16 |
| Assign group | 9 |
| Item give/drop | 6 |
| Remove unit | 3 |



| Rod of Necromancy | 4 | 600 |
| Orb of Corruption | 1 | 375 |
| Scroll of Town Portal | 1 | 350 |
| Scroll of Regeneration | 1 | 100 |
| total: | 7 | 1425g |
| Acolyte | 12 | 900 | / | 0 |
| Ghoul | 4 | 480 | / | 0 |
| Crypt Fiend | 14 | 3010 | / | 560 |
| Obsidian Statue | 7 | 1400 | / | 245 |
| Abomination | 12 | 2880 | / | 840 |
| Meat Wagon | 4 | 920 | / | 200 |
| Frost Wyrm | 5 | 1925 | / | 600 |
| Gryphon Rider | 3 | 840 | / | 210 |
| total: | 61 | 12355g | / | 2655w |
| Spirit Tower | 7 | 1015 | / | 280 |
| Crypt | 1 | 200 | / | 50 |
| Graveyard | 2 | 430 | / | 0 |
| Ziggurat | 19 | 2850 | / | 950 |
| Altar of Darkness | 1 | 180 | / | 50 |
| Tomb of Relics | 1 | 130 | / | 30 |
| Necropolis | 2 | 450 | / | 0 |
| Slaughterhouse | 2 | 280 | / | 270 |
| Sacrificial Pit | 1 | 75 | / | 150 |
| Boneyard | 3 | 525 | / | 600 |
| Halls of the Dead | 1 | 320 | / | 210 |
| Black Citadel | 1 | 325 | / | 230 |
| Arcane Vault | 1 | 130 | / | 30 |
| total: | 33 | 5250g | / | 2130w |
| 0:03 | Acolyte |
| 0:03 | Acolyte |
| 0:14 | Crypt |
| 0:21 | Graveyard |
| 0:45 | Ziggurat |
| 0:58 | Altar of Darkness |
| 1:15 | Tomb of Relics |
| 1:24 | Ghoul |
| 1:24 | Ghoul |
| 1:47 | Crypt Fiend |
| 2:14 | Ziggurat |
| 2:27 | Crypt Fiend |
| 3:03 | Death Coil |
| 3:04 | Rod of Necromancy |
| 3:05 | Rod of Necromancy |
| 3:11 | Crypt Fiend |
| 3:11 | Crypt Fiend |
| 3:27 | Crypt Fiend |
| 3:50 | Ghoul |
| 3:50 | Ghoul |
| 4:12 | Halls of the Dead |
| 4:23 | Unholy Aura |
| 5:21 | Ziggurat |
| 5:23 | Ziggurat |
| 5:31 | Death Coil |
| 5:48 | Rod of Necromancy |
| 6:02 | Creature Attack |
| 6:15 | Crypt Fiend |
| 6:45 | Crypt Fiend |
| 6:58 | Crypt Fiend |
| 7:27 | Burrow |
| 7:31 | Black Citadel |
| 7:46 | Rod of Necromancy |
| 8:42 | Frost Nova |
| 8:42 | Frost Nova |
| 8:55 | Slaughterhouse |
| 8:57 | Improved Creature Attack |
| 9:49 | Crypt Fiend |
| 9:49 | Crypt Fiend |
| 9:50 | Web |
| 9:53 | Creature Carapace |
| 10:06 | Obsidian Statue |
| 10:12 | Ziggurat |
| 10:12 | Ziggurat |
| 10:15 | Ziggurat |
| 10:38 | Slaughterhouse |
| 11:54 | Obsidian Statue |
| 11:54 | Obsidian Statue |
| 12:47 | Abomination |
| 12:47 | Abomination |
| 13:02 | Abomination |
| 13:20 | Meat Wagon |
| 13:20 | Meat Wagon |
| 13:23 | Unholy Aura |
| 14:11 | Abomination |
| 14:11 | Disease Cloud |
| 14:41 | Dark Ritual |
| 14:53 | Necropolis |
| 14:59 | Acolyte |
| 15:10 | Meat Wagon |
| 15:10 | Meat Wagon |
| 15:19 | Acolyte |
| 15:19 | Acolyte |
| 15:56 | Ziggurat |
| 15:56 | Ziggurat |
| 16:22 | Ziggurat |
| 16:23 | Ziggurat |
| 17:01 | Acolyte |
| 17:01 | Acolyte |
| 17:15 | Sacrificial Pit |
| 18:03 | Orb of Corruption |
| 18:16 | Acolyte |
| 19:30 | Impale |
| 22:26 | Abomination |
| 22:26 | Abomination |
| 23:24 | Abomination |
| 23:24 | Abomination |
| 24:21 | Abomination |
| 24:21 | Abomination |
| 24:21 | Abomination |
| 24:41 | Ziggurat |
| 24:42 | Ziggurat |
| 24:42 | Ziggurat |
| 24:42 | Ziggurat |
| 24:44 | Ziggurat |
| 25:36 | Ziggurat |
| 25:37 | Ziggurat |
| 25:37 | Ziggurat |
| 26:36 | Spirit Tower |
| 27:37 | Boneyard |
| 27:37 | Boneyard |
| 27:38 | Boneyard |
| 27:57 | Spirit Tower |
| 29:48 | Spirit Tower |
| 30:55 | Spiked Carapace |
| 31:06 | Advanced Creature Attack |
| 31:57 | Death Coil |
| 31:59 | Frost Nova |
| 36:25 | Frost Wyrm |
| 36:29 | Abomination |
| 38:05 | Freezing Breath |
| 38:49 | Graveyard |
| 41:17 | Unholy Strength |
| 41:18 | Improved Creature Carapace |
| 41:18 | Unholy Armor |
| 41:49 | Frost Wyrm |
| 45:25 | Scroll of Town Portal |
| 46:07 | Frost Wyrm |
| 46:08 | Frost Wyrm |
| 46:50 | Dark Ritual |
| 47:01 | Storm Bolt |
| 47:53 | Necropolis |
| 49:11 | Impale |
| 49:18 | Obsidian Statue |
| 49:50 | Arcane Vault |
| 50:10 | Acolyte |
| 50:10 | Acolyte |
| 50:51 | Gryphon Rider |
| 50:51 | Gryphon Rider |
| 50:52 | Gryphon Rider |
| 50:57 | Scroll of Regeneration |
| 51:35 | Crypt Fiend |
| 51:35 | Crypt Fiend |
| 52:25 | Crypt Fiend |
| 52:26 | Crypt Fiend |
| 52:46 | Acolyte |
| 52:46 | Acolyte |
| 53:35 | Frost Wyrm |
| 54:42 | Obsidian Statue |
| 54:42 | Obsidian Statue |
| 54:42 | Obsidian Statue |
| 55:26 | Spirit Tower |
| Select group | 2979 |
| Right click | 1794 |
| Select | 960 |
| Misc. action | 563 |
| Build/train/purchase | 128 |
| Use ability | 109 |
| Assign group | 55 |
| Minimap ping | 27 |
| Item give/drop | 3 |
| Esc | 3 |
| Remove unit | 1 |
124 units @ 15.9k
/ 2.6k
210 buildings @ 18.2k
/ 10.1k
BEARAND
(60:49) : 


| Scroll of Regeneration | 2 | 200 |
| Potion of Healing | 1 | 150 |
| Staff of Sanctuary | 3 | 750 |
| Boots of Speed | 3 | 750 |
| Staff of Teleportation | 5 | 750 |
| Orb of Lightning | 3 | 1125 |
| Orb of Corruption | 1 | 375 |
| total: | 18 | 4100g |
| Peasant | 18 | 1350 | / | 0 |
| Priest | 3 | 405 | / | 30 |
| Dragonhawk Rider | 3 | 600 | / | 90 |
| Sorceress | 1 | 155 | / | 20 |
| total: | 25 | 2510g | / | 140w |
| Scout Tower | 96 | 2880 | / | 1920 |
| Arcane Tower | 7 | 490 | / | 350 |
| Guard Tower | 46 | 3220 | / | 2300 |
| Altar of Kings | 1 | 180 | / | 50 |
| Farm | 6 | 480 | / | 120 |
| Lumber Mill | 1 | 120 | / | 0 |
| Arcane Vault | 2 | 260 | / | 60 |
| Town Hall | 1 | 385 | / | 205 |
| Blacksmith | 1 | 140 | / | 60 |
| Barracks | 1 | 160 | / | 60 |
| Arcane Sanctum | 1 | 150 | / | 140 |
| Gryphon Aviary | 2 | 280 | / | 300 |
| Keep | 2 | 640 | / | 420 |
| Castle | 1 | 360 | / | 210 |
| total: | 112 | 5035g | / | 2915w |
| 0:01 | Peasant |
| 0:02 | Peasant |
| 0:07 | Altar of Kings |
| 0:17 | Farm |
| 0:24 | Farm |
| 0:27 | Peasant |
| 0:44 | Peasant |
| 0:48 | Lumber Mill |
| 0:58 | Peasant |
| 1:09 | Peasant |
| 1:15 | Peasant |
| 1:22 | Peasant |
| 1:30 | Scout Tower |
| 1:35 | Peasant |
| 1:39 | Arcane Vault |
| 1:54 | Peasant |
| 1:57 | Arcane Tower |
| 1:58 | Scout Tower |
| 2:08 | Blizzard |
| 2:26 | Guard Tower |
| 2:27 | Scout Tower |
| 2:27 | Scout Tower |
| 2:32 | Scout Tower |
| 2:34 | Scout Tower |
| 2:47 | Peasant |
| 2:47 | Peasant |
| 2:53 | Guard Tower |
| 3:37 | Guard Tower |
| 3:39 | Scout Tower |
| 3:40 | Scout Tower |
| 3:40 | Scout Tower |
| 3:40 | Scout Tower |
| 3:41 | Scout Tower |
| 3:43 | Scout Tower |
| 3:44 | Scout Tower |
| 3:48 | Peasant |
| 3:49 | Peasant |
| 3:52 | Scroll of Regeneration |
| 4:01 | Improved Masonry |
| 4:04 | Scout Tower |
| 4:04 | Scout Tower |
| 4:12 | Guard Tower |
| 4:19 | Boots of Speed |
| 4:20 | Staff of Teleportation |
| 4:21 | Staff of Teleportation |
| 4:21 | Staff of Teleportation |
| 4:49 | Guard Tower |
| 5:14 | Brilliance Aura |
| 5:23 | Scout Tower |
| 5:24 | Scout Tower |
| 5:29 | Scroll of Regeneration |
| 5:33 | Keep |
| 5:36 | Scout Tower |
| 5:37 | Scout Tower |
| 5:37 | Scout Tower |
| 5:51 | Guard Tower |
| 6:08 | Farm |
| 6:08 | Farm |
| 6:09 | Farm |
| 6:09 | Farm |
| 6:15 | Arcane Tower |
| 7:00 | Guard Tower |
| 7:00 | Guard Tower |
| 7:08 | Town Hall |
| 7:27 | Guard Tower |
| 7:31 | Scout Tower |
| 7:32 | Scout Tower |
| 7:32 | Scout Tower |
| 7:33 | Scout Tower |
| 7:33 | Scout Tower |
| 7:34 | Scout Tower |
| 7:34 | Scout Tower |
| 7:35 | Scout Tower |
| 7:40 | Blizzard |
| 8:35 | Advanced Masonry |
| 8:42 | Arcane Sanctum |
| 8:58 | Potion of Healing |
| 9:14 | Guard Tower |
| 9:15 | Guard Tower |
| 9:24 | Storm Bolt |
| 9:40 | Castle |
| 9:56 | Magic Sentry |
| 9:57 | Priest |
| 10:32 | Imbued Masonry |
| 10:53 | Guard Tower |
| 10:56 | Scout Tower |
| 10:57 | Scout Tower |
| 10:57 | Scout Tower |
| 10:57 | Scout Tower |
| 11:45 | Boots of Speed |
| 11:45 | Staff of Teleportation |
| 11:54 | Arcane Tower |
| 11:56 | Guard Tower |
| 11:58 | Scout Tower |
| 11:58 | Scout Tower |
| 12:00 | Scout Tower |
| 12:01 | Scout Tower |
| 12:01 | Scout Tower |
| 12:02 | Scout Tower |
| 12:02 | Scout Tower |
| 13:07 | Staff of Sanctuary |
| 13:12 | Orb of Lightning |
| 13:12 | Orb of Lightning |
| 13:16 | Guard Tower |
| 13:18 | Scout Tower |
| 13:19 | Scout Tower |
| 13:22 | Scout Tower |
| 13:24 | Scout Tower |
| 13:25 | Scout Tower |
| 13:26 | Scout Tower |
| 13:26 | Scout Tower |
| 13:34 | Holy Light |
| 14:04 | Guard Tower |
| 14:36 | Boots of Speed |
| 14:47 | Guard Tower |
| 15:17 | Staff of Sanctuary |
| 15:37 | Gryphon Aviary |
| 15:45 | Guard Tower |
| 15:46 | Guard Tower |
| 16:04 | Guard Tower |
| 16:17 | Staff of Teleportation |
| 16:31 | Guard Tower |
| 16:34 | Scout Tower |
| 16:35 | Scout Tower |
| 16:40 | Gryphon Aviary |
| 16:41 | Arcane Vault |
| 16:57 | Blacksmith |
| 16:59 | Barracks |
| 17:11 | Arcane Tower |
| 17:15 | Peasant |
| 17:15 | Peasant |
| 17:57 | Guard Tower |
| 17:58 | Scout Tower |
| 18:00 | Scout Tower |
| 18:00 | Scout Tower |
| 18:10 | Scout Tower |
| 18:10 | Scout Tower |
| 18:11 | Scout Tower |
| 18:12 | Scout Tower |
| 18:13 | Scout Tower |
| 18:13 | Scout Tower |
| 18:14 | Scout Tower |
| 19:11 | Orb of Corruption |
| 19:26 | Guard Tower |
| 19:31 | Scout Tower |
| 19:32 | Scout Tower |
| 19:32 | Scout Tower |
| 19:33 | Scout Tower |
| 19:33 | Scout Tower |
| 19:34 | Scout Tower |
| 19:37 | Scout Tower |
| 19:37 | Scout Tower |
| 19:38 | Scout Tower |
| 19:38 | Scout Tower |
| 19:39 | Scout Tower |
| 20:17 | Orb of Lightning |
| 20:19 | Staff of Sanctuary |
| 20:25 | Scout Tower |
| 20:26 | Scout Tower |
| 20:27 | Scout Tower |
| 20:27 | Scout Tower |
| 21:07 | Animal War Training |
| 21:09 | Dragonhawk Rider |
| 21:09 | Dragonhawk Rider |
| 21:10 | Black Gunpowder |
| 21:11 | Iron Forged Swords |
| 21:11 | Studded Leather Armor |
| 21:23 | Arcane Tower |
| 21:23 | Guard Tower |
| 21:24 | Guard Tower |
| 21:27 | Scout Tower |
| 21:28 | Scout Tower |
| 22:04 | Bash |
| 22:24 | Guard Tower |
| 22:28 | Guard Tower |
| 22:33 | Sorceress |
| 22:34 | Priest |
| 22:34 | Sorceress Adept Training |
| 22:35 | Priest Adept Training |
| 22:38 | Scout Tower |
| 22:50 | Guard Tower |
| 22:53 | Scout Tower |
| 22:54 | Scout Tower |
| 22:54 | Scout Tower |
| 22:55 | Scout Tower |
| 23:01 | Dragonhawk Rider |
| 23:53 | Divine Shield |
| 24:14 | Guard Tower |
| 24:19 | Scout Tower |
| 24:39 | Guard Tower |
| 24:41 | Scout Tower |
| 24:52 | Peasant |
| 24:52 | Peasant |
| 25:17 | Guard Tower |
| 25:19 | Scout Tower |
| 25:19 | Scout Tower |
| 25:20 | Scout Tower |
| 25:20 | Scout Tower |
| 25:39 | Arcane Tower |
| 25:53 | Guard Tower |
| 26:02 | Improved Lumber Harvesting |
| 26:16 | Guard Tower |
| 26:37 | Guard Tower |
| 26:40 | Scout Tower |
| 26:41 | Scout Tower |
| 27:39 | Steel Forged Swords |
| 27:39 | Reinforced Leather Armor |
| 29:41 | Scout Tower |
| 29:42 | Scout Tower |
| 29:43 | Scout Tower |
| 30:37 | Guard Tower |
| 30:44 | Scout Tower |
| 30:44 | Scout Tower |
| 30:46 | Scout Tower |
| 30:47 | Scout Tower |
| 30:48 | Scout Tower |
| 31:16 | Guard Tower |
| 31:17 | Guard Tower |
| 31:32 | Guard Tower |
| 32:48 | Guard Tower |
| 33:25 | Storm Bolt |
| 33:28 | Brilliance Aura |
| 35:15 | Holy Light |
| 35:18 | Guard Tower |
| 37:26 | Bash |
| 38:14 | Priest |
| 40:28 | Brilliance Aura |
| 41:59 | Divine Shield |
| 46:10 | Storm Bolt |
| 49:02 | Blizzard |
| 50:18 | Holy Light |
| 54:25 | Mass Teleport |
| 54:54 | Avatar |
| Right click | 4763 |
| Select group | 1141 |
| Select | 1013 |
| Chat | 367 |
| Build/train/purchase | 324 |
| Use ability | 212 |
| Misc. action | 23 |
| Minimap ping | 20 |
| Assign group | 18 |
| Item give/drop | 11 |
| Resource trade | 4 |
| Remove unit | 3 |


x1)
x1)
| Healing Salve | 3 | 300 |
| Lesser Clarity Potion | 5 | 350 |
| Orb of Lightning | 1 | 375 |
| Boots of Speed | 2 | 500 |
| Staff of Teleportation | 2 | 300 |
| Potion of Invisibility | 1 | 100 |
| Tome of Retraining | 2 | 600 |
| Orb of Fire | 1 | 325 |
| Staff of Sanctuary | 2 | 500 |
| total: | 19 | 3350g |
| Peon | 15 | 1125 | / | 0 |
| Troll Batrider | 52 | 8320 | / | 2080 |
| total: | 67 | 9445g | / | 2080w |
| Watch Tower | 54 | 5940 | / | 4320 |
| Altar of Storms | 1 | 180 | / | 50 |
| Orc Burrow | 3 | 480 | / | 120 |
| War Mill | 1 | 205 | / | 0 |
| Voodoo Lounge | 2 | 260 | / | 60 |
| Great Hall | 1 | 385 | / | 185 |
| Beastiary | 1 | 145 | / | 140 |
| Stronghold | 1 | 315 | / | 190 |
| Fortress | 2 | 650 | / | 380 |
| total: | 63 | 7595g | / | 4875w |
| 0:01 | Peon |
| 0:03 | Altar of Storms |
| 0:08 | Peon |
| 0:18 | Orc Burrow |
| 0:30 | Peon |
| 0:43 | Peon |
| 0:49 | War Mill |
| 0:53 | Peon |
| 1:08 | Voodoo Lounge |
| 1:22 | Peon |
| 1:22 | Peon |
| 1:44 | Peon |
| 1:55 | Peon |
| 2:11 | Serpent Ward |
| 2:17 | Watch Tower |
| 2:22 | Peon |
| 2:29 | Watch Tower |
| 3:04 | Stronghold |
| 3:46 | Watch Tower |
| 3:52 | Boots of Speed |
| 3:53 | Staff of Teleportation |
| 4:01 | Healing Salve |
| 4:01 | Lesser Clarity Potion |
| 4:21 | Watch Tower |
| 4:43 | Spiked Barricades |
| 4:45 | Orc Burrow |
| 4:47 | Healing Wave |
| 5:20 | Watch Tower |
| 5:21 | Watch Tower |
| 5:41 | Watch Tower |
| 5:42 | Watch Tower |
| 6:01 | Peon |
| 6:16 | Fortress |
| 6:35 | Endurance Aura |
| 6:37 | Healing Salve |
| 6:38 | Lesser Clarity Potion |
| 7:29 | Serpent Ward |
| 7:44 | Improved Spiked Barricades |
| 7:45 | Reinforced Defenses |
| 7:48 | Beastiary |
| 8:45 | Watch Tower |
| 8:46 | Watch Tower |
| 8:47 | Watch Tower |
| 9:01 | Boots of Speed |
| 9:01 | Staff of Teleportation |
| 9:02 | Potion of Invisibility |
| 9:23 | Watch Tower |
| 9:24 | Watch Tower |
| 9:24 | Watch Tower |
| 9:26 | Watch Tower |
| 9:26 | Watch Tower |
| 9:51 | Orb of Lightning |
| 9:57 | Watch Tower |
| 9:58 | Watch Tower |
| 9:58 | Watch Tower |
| 9:59 | Watch Tower |
| 10:05 | Liquid Fire |
| 10:54 | Great Hall |
| 11:02 | War Stomp |
| 11:47 | Tome of Retraining |
| 11:47 | Retrain Hero |
| 12:15 | Troll Batrider |
| 12:42 | Hex |
| 12:43 | Hex |
| 12:43 | Healing Wave |
| 13:15 | Watch Tower |
| 13:16 | Watch Tower |
| 13:17 | Watch Tower |
| 13:52 | Troll Batrider |
| 13:54 | Peon |
| 13:55 | Peon |
| 13:55 | Peon |
| 13:55 | Peon |
| 14:05 | Healing Wave |
| 14:16 | Steel Ranged Weapons |
| 14:20 | Troll Batrider |
| 14:44 | Watch Tower |
| 14:45 | Watch Tower |
| 14:45 | Watch Tower |
| 14:46 | Watch Tower |
| 14:47 | Watch Tower |
| 14:47 | Watch Tower |
| 14:55 | Troll Batrider |
| 15:03 | Voodoo Lounge |
| 15:14 | Watch Tower |
| 15:17 | Watch Tower |
| 15:21 | Troll Batrider |
| 15:22 | Troll Batrider |
| 15:28 | Orc Burrow |
| 16:10 | Watch Tower |
| 16:10 | Watch Tower |
| 17:14 | Troll Batrider |
| 17:38 | Orb of Fire |
| 18:02 | Troll Batrider |
| 18:11 | Staff of Sanctuary |
| 18:22 | Watch Tower |
| 18:28 | Troll Batrider |
| 18:49 | Watch Tower |
| 18:58 | Thorium Ranged Weapons |
| 18:59 | Steel Armor |
| 19:31 | Staff of Sanctuary |
| 19:37 | Watch Tower |
| 19:38 | Watch Tower |
| 20:26 | War Stomp |
| 20:31 | Watch Tower |
| 22:15 | Watch Tower |
| 22:38 | Watch Tower |
| 23:18 | Troll Batrider |
| 23:41 | Troll Batrider |
| 23:42 | Troll Batrider |
| 24:27 | Troll Batrider |
| 24:44 | Watch Tower |
| 25:38 | Lesser Clarity Potion |
| 25:40 | Healing Salve |
| 26:22 | Watch Tower |
| 26:22 | Watch Tower |
| 26:32 | Troll Batrider |
| 26:32 | Troll Batrider |
| 26:32 | Troll Batrider |
| 26:59 | Troll Batrider |
| 27:23 | Arcanite Ranged Weapons |
| 27:24 | Thorium Armor |
| 27:32 | Watch Tower |
| 27:32 | Watch Tower |
| 27:38 | Troll Batrider |
| 28:27 | Watch Tower |
| 28:41 | Watch Tower |
| 29:15 | Troll Batrider |
| 29:15 | Troll Batrider |
| 29:15 | Troll Batrider |
| 29:17 | Troll Batrider |
| 29:59 | Troll Batrider |
| 30:02 | Watch Tower |
| 30:03 | Watch Tower |
| 30:04 | Watch Tower |
| 30:12 | Endurance Aura |
| 30:19 | Troll Batrider |
| 30:49 | Watch Tower |
| 30:49 | Watch Tower |
| 30:50 | Watch Tower |
| 31:57 | Troll Batrider |
| 32:18 | Hex |
| 32:44 | Troll Batrider |
| 32:44 | Troll Batrider |
| 33:42 | Watch Tower |
| 34:57 | War Stomp |
| 35:38 | Troll Batrider |
| 35:59 | Troll Batrider |
| 35:59 | Troll Batrider |
| 36:06 | Troll Batrider |
| 36:20 | Lesser Clarity Potion |
| 36:24 | Lesser Clarity Potion |
| 36:34 | Troll Batrider |
| 38:10 | Troll Batrider |
| 38:10 | Troll Batrider |
| 38:10 | Troll Batrider |
| 38:10 | Troll Batrider |
| 40:09 | Healing Wave |
| 40:43 | Troll Batrider |
| 40:43 | Troll Batrider |
| 40:43 | Troll Batrider |
| 41:37 | Troll Batrider |
| 41:37 | Troll Batrider |
| 41:37 | Troll Batrider |
| 41:38 | Troll Batrider |
| 42:45 | Endurance Aura |
| 43:07 | Troll Batrider |
| 44:10 | Troll Batrider |
| 45:42 | Troll Batrider |
| 45:42 | Troll Batrider |
| 48:27 | Tome of Retraining |
| 48:27 | Retrain Hero |
| 48:30 | Shockwave |
| 48:31 | Shockwave |
| 48:32 | Endurance Aura |
| 48:32 | Endurance Aura |
| 50:38 | Big Bad Voodoo |
| 51:42 | Reincarnation |
| 56:32 | Serpent Ward |
| 58:15 | Troll Batrider |
| 58:15 | Troll Batrider |
| 59:45 | Troll Batrider |
| 59:45 | Troll Batrider |
| 60:17 | Arcanite Armor |
| 60:19 | Troll Batrider |
| Right click | 3930 |
| Select group | 2325 |
| Select | 595 |
| Chat | 498 |
| Use ability | 282 |
| Assign group | 278 |
| Build/train/purchase | 205 |
| Misc. action | 62 |
| Item give/drop | 15 |
| Resource trade | 5 |
| Minimap ping | 3 |


| Rod of Necromancy | 1 | 150 |
| Ritual Dagger | 1 | 125 |
| Sacrificial Skull | 1 | 50 |
| Orb of Corruption | 2 | 750 |
| Scroll of Town Portal | 3 | 1050 |
| Staff of Teleportation | 2 | 300 |
| Scroll of Regeneration | 1 | 100 |
| Staff of Sanctuary | 2 | 500 |
| total: | 13 | 3025g |
| Acolyte | 13 | 975 | / | 0 |
| Ghoul | 7 | 840 | / | 0 |
| Necromancer | 6 | 870 | / | 120 |
| Banshee | 1 | 155 | / | 30 |
| Meat Wagon | 5 | 1150 | / | 250 |
| total: | 32 | 3990g | / | 400w |
| Spirit Tower | 14 | 2030 | / | 560 |
| Nerubian Tower | 4 | 400 | / | 80 |
| Altar of Darkness | 1 | 180 | / | 50 |
| Ziggurat | 22 | 3300 | / | 1100 |
| Crypt | 1 | 200 | / | 50 |
| Tomb of Relics | 1 | 130 | / | 30 |
| Graveyard | 1 | 215 | / | 0 |
| Temple of the Damned | 2 | 310 | / | 280 |
| Sacrificial Pit | 1 | 75 | / | 150 |
| Slaughterhouse | 3 | 420 | / | 405 |
| Halls of the Dead | 1 | 320 | / | 210 |
| Black Citadel | 2 | 650 | / | 460 |
| Altar of Kings | 1 | 180 | / | 50 |
| Town Hall | 1 | 385 | / | 205 |
| Arcane Vault | 1 | 130 | / | 30 |
| Keep | 2 | 640 | / | 420 |
| Castle | 1 | 360 | / | 210 |
| total: | 35 | 5525g | / | 2350w |
| 0:02 | Acolyte |
| 0:08 | Altar of Darkness |
| 0:15 | Ziggurat |
| 0:16 | Acolyte |
| 0:34 | Crypt |
| 1:35 | Ghoul |
| 1:41 | Tomb of Relics |
| 1:43 | Ziggurat |
| 1:52 | Ghoul |
| 2:03 | Ghoul |
| 2:13 | Death Coil |
| 2:19 | Ghoul |
| 2:48 | Graveyard |
| 2:55 | Rod of Necromancy |
| 2:58 | Ritual Dagger |
| 2:59 | Sacrificial Skull |
| 3:02 | Acolyte |
| 3:34 | Ziggurat |
| 4:12 | Ghoul |
| 4:13 | Ghoul |
| 4:33 | Unholy Aura |
| 4:40 | Ziggurat |
| 4:40 | Spirit Tower |
| 5:04 | Acolyte |
| 5:04 | Acolyte |
| 5:05 | Acolyte |
| 5:05 | Acolyte |
| 5:15 | Ziggurat |
| 5:16 | Ziggurat |
| 5:35 | Ziggurat |
| 5:48 | Nerubian Tower |
| 6:09 | Death Coil |
| 6:48 | Halls of the Dead |
| 6:50 | Ghoul |
| 6:58 | Spirit Tower |
| 7:38 | Ziggurat |
| 7:38 | Ziggurat |
| 7:39 | Ziggurat |
| 8:45 | Spirit Tower |
| 8:48 | Spirit Tower |
| 8:48 | Spirit Tower |
| 8:51 | Ziggurat |
| 8:52 | Ziggurat |
| 8:56 | Staff of Teleportation |
| 9:20 | Ziggurat |
| 9:21 | Ziggurat |
| 9:23 | Ziggurat |
| 9:23 | Ziggurat |
| 9:24 | Ziggurat |
| 10:01 | Nerubian Tower |
| 10:01 | Spirit Tower |
| 10:05 | Ziggurat |
| 10:05 | Ziggurat |
| 10:23 | Temple of the Damned |
| 10:25 | Temple of the Damned |
| 10:29 | Scroll of Regeneration |
| 10:36 | Spirit Tower |
| 10:39 | Ziggurat |
| 10:41 | Ziggurat |
| 10:41 | Ziggurat |
| 10:45 | Frost Nova |
| 12:36 | Spirit Tower |
| 12:41 | Black Citadel |
| 12:46 | Necromancer Adept Training |
| 13:27 | Sacrificial Pit |
| 14:05 | Staff of Teleportation |
| 15:02 | Acolyte |
| 15:10 | Necromancer Master Training |
| 15:10 | Banshee Adept Training |
| 15:23 | Scroll of Town Portal |
| 15:24 | Orb of Corruption |
| 15:56 | Acolyte |
| 16:09 | Acolyte |
| 16:09 | Acolyte |
| 17:22 | Staff of Sanctuary |
| 18:49 | Necromancer |
| 18:49 | Necromancer |
| 19:40 | Banshee Master Training |
| 21:00 | Acolyte |
| 21:00 | Acolyte |
| 21:21 | Frost Armor |
| 21:23 | Unholy Aura |
| 21:34 | Staff of Sanctuary |
| 23:40 | Death Coil |
| 23:54 | Frost Nova |
| 26:41 | Banshee |
| 29:43 | Unholy Aura |
| 30:08 | Frost Armor |
| 33:35 | Orb of Corruption |
| 41:37 | Altar of Kings |
| 41:45 | Frost Nova |
| 42:54 | Death Pact |
| 43:00 | Town Hall |
| 47:27 | Keep |
| 47:36 | Scroll of Town Portal |
| 47:40 | Scroll of Town Portal |
| 49:43 | Necromancer |
| 49:43 | Necromancer |
| 49:43 | Necromancer |
| 49:43 | Necromancer |
| 49:49 | Slaughterhouse |
| 49:50 | Slaughterhouse |
| 49:53 | Slaughterhouse |
| 49:58 | Castle |
| 50:59 | Exhume Corpses |
| 51:01 | Meat Wagon |
| 51:01 | Meat Wagon |
| 52:30 | Meat Wagon |
| 53:05 | Meat Wagon |
| 53:05 | Meat Wagon |
| 53:21 | Banish |
| 53:26 | Arcane Vault |
| 55:05 | Death and Decay |
| Right click | 3751 |
| Select | 1539 |
| Select group | 1116 |
| Assign group | 598 |
| Use ability | 208 |
| Misc. action | 169 |
| Build/train/purchase | 129 |
| Chat | 47 |
| Minimap ping | 25 |
| Item give/drop | 7 |
| Resource trade | 6 |